 Dungeon Crawl Stone Soup version 0.20-a0-251-g16a58bf (webtiles) character file.

1577 Enthusiasm the Basher (level 8, -1/63 HPs)
             Began as a Minotaur Berserker on Nov 30, 2016.
             Was a Priest of Trog.
             Slain by an orc priest
             ... wielding a +0 whip
              (4 damage)
             ... on level 5 of the Dungeon on Dec 1, 2016.
             The game lasted 00:15:02 (5808 turns).

Enthusiasm the Basher (Minotaur Berserker)          Turns: 5808, Time: 00:15:02

Health: -1/63      AC:  6    Str: 22    XL:     8   Next: 60%
Magic:  7/7        EV: 12    Int:  6    God:    Trog [***...]
Gold:   203        SH:  0    Dex: 10    Spells: 7/7 levels left

rFire  + . .     SeeInvis .     x - -2 flail (curse)
rCold  . . .     Gourm    .     y - +2 ring mail {rF+}
rNeg   + . .     Faith    .     (no shield)
rPois  .         Spirit   .     (helmet restricted)
rElec  .         Reflect  .     g - +0 cloak
rCorr  .         Harm     .     (no gloves)
MR     ++...                    (no boots)
Stlth  ..........               (no amulet)
                                s - ring of flight
                                m - ring of positive energy

@: exhausted, very slightly contaminated, regenerating, hasted and slowed
A: retaliatory headbutt, horns 2, blurry vision 1, deformed body, frail 1
a: Berserk, Trog's Hand, Burn Spellbooks, Renounce Religion, Evoke Flight


You were on level 5 of the Dungeon.
You worshipped Trog.
Trog was most pleased with you.
You were near starving.

You visited 2 branches of the dungeon, and saw 6 of its levels.

You collected 203 gold pieces.

Inventory:

Hand Weapons
 a - a +0 mace
 x - a cursed -2 flail (weapon)
Missiles
 i - 112 stones (quivered)
Armour
 g - a +0 cloak (worn)
 y - a +2 ring mail of fire resistance (worn)
Jewellery
 m - a ring of positive energy (left hand)
 s - a ring of flight (right hand)
Scrolls
 b - a scroll of enchant armour {unknown}
 d - 5 scrolls of identify {unknown}
 f - a scroll of fog {unknown}
 j - a scroll of recharging {unknown}
 n - a scroll of teleportation {unknown}
 o - a scroll of magic mapping {unknown}
 p - 6 scrolls of remove curse {unknown}
 B - a scroll of enchant weapon {unknown}
Potions
 e - a potion of haste
 h - a potion of mutation
 l - a potion of magic {unknown}
 q - a potion of degeneration {unknown}
 r - a potion of curing {unknown}
 t - 4 potions of agility {unknown}
 w - a potion of brilliance {unknown}
 z - a potion of berserk rage {unknown}
 A - a potion of beneficial mutation {unknown}
 C - a potion of flight {unknown}
Comestibles
 c - 7 bread rations
 k - 2 beef jerkies
 u - 4 meat rations
 v - 2 royal jellies


   Skills:
 + Level 5.7 Fighting
 + Level 10.7 Maces & Flails
 + Level 5.3 Armour
 + Level 4.7 Dodging


You had 7 spell levels left.
You didn't know any spells.

Dungeon Overview and Level Annotations

Branches:
Dungeon (5/15)             Temple (1/1) D:4

Altars:
Ashenzari
Cheibriados
Dithmenos
Elyvilon
Fedhas
Gozag
Hepliaklqana
Kikubaaqudgha
Makhleb
Nemelex Xobeh
Okawaru
Qazlal
Ru
Sif Muna
Trog
Uskayaw
Vehumet
Xom
Yredelemnul
Zin
The Shining One

Annotations:
D:5 Prince Ribbit


Innate Abilities, Weirdness & Mutations

You reflexively headbutt those who attack you in melee.
You have a pair of horns on your head.
Scrolls take you a little longer to read.
Armour fits poorly on your strangely shaped body.
You are frail. (-10% HP)


Message History

* * * LOW HITPOINT WARNING * * *
Prince Ribbit closely misses you.
You hit the orc wizard.
The orc wizard is severely wounded.
The orc wizard hits you but does no damage.
Prince Ribbit hits you.
* * * LOW HITPOINT WARNING * * *
You barely miss the orc wizard.
You headbutt the orc wizard, but do no damage.
The orc wizard is severely wounded.
The orc priest mumbles some strange prayers to Beogh against you.
Beogh smites you!
* * * LOW HITPOINT WARNING * * *
The orc wizard closely misses you.
Prince Ribbit hits you but does no damage.
You miss the orc wizard. Your headbutt misses the orc wizard.
The orc wizard is severely wounded.
The orc wizard hits you but does no damage.
The orc priest hits you with a whip.
You die...

≈≈≈...≈o≈P≈≈o....## #..### #
P≈P...≈≈≈≈≈≈♣.[...# ##...### #
♣≈P..≈≈P≈≈≈≈♣o....## ###...# #
≈≈....≈P≈≈PP♣..)...# ###.# #
≈P...≈P≈≈)≈≈♣##..#.# #.## #
≈...P≈≈≈)P# ##)#.# #..### #
....≈≈≈≈≈## #.#.# ##...###
...≈≈≈≈≈P#####o#.##########...#
...P≈≈≈≈♣....)@o...............
...≈≈≈P♣♣.#####F.##############
...≈≈≈≈ #..F...........########
...≈≈≈≈ #.....#...####.........
###≈≈♣ ##.##...#.#############
#..##..#.....# # ##.##...#....#
# #......#....###### #
####.............# #


You could see Prince Ribbit, an orc priest and an orc wizard.

Vanquished Creatures
  Grinder (D:4)
  An ice beast (D:5)
  A sky beast (D:5)
  A phantom (D:4)
  3 ogres
  Blork the orc (D:5)
  A scorpion (D:4)
  2 crimson imps (D:5)
  2 hounds (D:5)
  3 orc priests
  A gnoll shaman (D:5)
  A jelly (D:5)
  Jessica (D:3)
  An iguana (D:5)
  Ijyb (D:3)
  4 orc wizards
  3 worker ants
  A hound skeleton (D:5)
  4 gnolls (D:5)
  7 adders
  A shadow imp (D:5)
  An ooze (D:1)
  An adder skeleton (D:4)
  2 dart slugs
  2 leopard geckos (D:4)
  14 orcs
  A ball python (D:2)
  6 bats
  4 giant cockroaches
  11 goblins
  7 hobgoblins
  7 jackals (D:3)
  5 kobolds
  A quokka (D:4)
  5 frilled lizards
  12 rats
120 creatures vanquished.

Vanquished Creatures (others)
  3 plants (D:5)
3 creatures vanquished.

Grand Total: 123 creatures vanquished

Notes
Turn   | Place    | Note
-------+----------+-------------------------------------------
     0 | D:1      | Enthusiasm the Minotaur Berserker began the quest for the Orb.
     0 | D:1      | Reached XP level 1. HP: 19/19 MP: 0/0
   209 | D:1      | Reached XP level 2. HP: 26/27 MP: 1/1
   862 | D:1      | Reached XP level 3. HP: 33/33 MP: 2/2
  1192 | D:2      | Reached ** piety under Trog
  1986 | D:3      | Noticed Ijyb
  1992 | D:3      | Killed Ijyb
  1992 | D:3      | Reached skill level 4 in Maces & Flails
  1992 | D:3      | Reached XP level 4. HP: 41/41 MP: 3/3
  2729 | D:3      | Found a shimmering altar of Xom.
  2886 | D:3      | Reached XP level 5. HP: 40/47 MP: 4/4
  3065 | D:3      | Noticed Jessica
  3072 | D:3      | Killed Jessica
  3072 | D:3      | Reached skill level 5 in Maces & Flails
  3138 | D:3      | Reached *** piety under Trog
  3441 | D:4      | Reached skill level 6 in Maces & Flails
  3474 | D:4      | Reached XP level 6. HP: 43/53 MP: 5/5
  3622 | D:4      | Reached skill level 7 in Maces & Flails
  3783 | D:4      | Noticed Grinder
  3793 | D:4      | Killed Grinder
  3793 | D:4      | Reached skill level 8 in Maces & Flails
  3793 | D:4      | Reached XP level 7. HP: 57/60 MP: 6/6
  3846 | D:4      | Reached skill level 9 in Maces & Flails
  4026 | D:4      | Found a staircase to the Ecumenical Temple.
  4047 | Temple   | Entered the Ecumenical Temple
  4518 | D:5      | Entered Level 5 of the Dungeon
  4565 | D:5      | Reached skill level 10 in Maces & Flails
  4596 | D:5      | Reached XP level 8. HP: 67/67 MP: 7/7
  4865 | D:5      | Noticed Blork the orc
  4869 | D:5      | Reached skill level 5 in Fighting
  4879 | D:5      | Killed Blork the orc
  4996 | D:5      | Reached skill level 5 in Armour
  5034 | D:5      | Reached **** piety under Trog
  5412 | D:5      | Noticed Prince Ribbit
  5803 | D:5      | Gained mutation: Scrolls take you a little longer to read. [potion of mutation]
  5803 | D:5      | Gained mutation: Armour fits poorly on your strangely shaped body. [potion of mutation]
  5803 | D:5      | Gained mutation: You are frail. (-10% HP) [potion of mutation]
  5807 | D:5      | HP: 2/63 [orc priest/divine providence (14)]
  5808 | D:5      | Slain by an orc priest

Vault maps used:
D:1:      dpeg_arrival_leaves_temple_mockup
D:3:      tgw_xom, first_bread, uniq_iyjb, uniq_jessica
D:4:      uniq_grinder
D:5:      serial_bayou_ford_a, uniq_prince_ribbit1, uniq_blork_the_orc
Temple:   regret_index_temple_chain_breaker

Skill      XL: |  1  2  3  4  5  6  7  8 |
---------------+-------------------------+-----
Fighting       | 4 5 |  5.7
Armour         | 3 5 |  5.3
Dodging        | 3 4 |  4.7
Maces & Flails | 4 6 8 10 | 10.7

Action                   |  1- 3 |  4- 6 |  7- 9 || total
-------------------------+-------+-------+-------++-------
Melee: Mace              |    68 |   111 |   108 ||   287
       Headbutt          |     8 |    21 |    31 ||    60
       Flail             |       |       |    86 ||    86
Throw: Stone             |    43 |    78 |    75 ||   196
Invok: Berserk           |     1 |     3 |     7 ||    11
       Trog's Hand       |       |     1 |     6 ||     7
  Use: Potion            |       |       |     2 ||     2
  Eat: Chunk             |     3 |     9 |    15 ||    27
Armor: Animal skin       |    10 |       |       ||    10
       Ring mail         |     6 |    42 |    45 ||    93
Dodge: Dodged            |    30 |    84 |    76 ||   190
